 Dungeon Crawl Stone Soup version 0.32-a0-841-g4648e6c457 (webtiles) character file.

Game seed: 7744065581687522220

891 pokeman the Thaumaturge (level 7, 0/40 HPs)
             Began as a Deep Elf Hedge Wizard on Mar 26, 2024.
             Slain by a river rat (5 damage)
             ... in a sewer.
             The game lasted 00:13:38 (4253 turns).

pokeman the Thaumaturge (Deep Elf Hedge Wizard)     Turns: 4253, Time: 00:13:38

Health: 0/40       AC:  5    Str:  7    XL:     7   Next: 78%
Magic:  1/21       EV: 12    Int: 21    God:
Gold:   216        SH:  0    Dex: 14    Spells: 15/23 levels left

rFire   . . .        r - +2 club (spect)
rCold   + . .        (no shield)
rNeg    . . .        b - +0 robe
rPois   .            c - +0 hat
rElec   .            w - +1 cloak {rCorr}
rCorr   +            (no gloves)
SInv    .            f - +0 pair of boots
Will    .....        (no amulet)
Stlth   ++           k - ring of protection from cold
HPRegen 0.26/turn    (no ring)
MPRegen 0.17/turn

%: no passive effects
@: on blink cooldown
A: no striking features
a: no special abilities


You were in a sewer.
You visited 1 branch of the dungeon, and saw 4 of its levels.
You also visited: Sewer.

You collected 216 gold pieces.

Inventory:

Hand Weapons
 r - a +2 spectral club (weapon)
 v - a +2 quarterstaff of chaos
 z - a +1 dagger of pain
Armour
 b - a +0 robe (worn)
 c - a +0 hat (worn)
 f - a +0 pair of boots (worn)
 w - a +1 cloak of preservation (worn)
Jewellery
 k - a ring of protection from cold (left hand)
 y - an amulet of magic regeneration
Wands
 q - a wand of light (7)
 u - a wand of flame (27)
Scrolls
 e - 2 scrolls of vulnerability {unknown}
 l - a scroll of fear {unknown}
 n - a scroll of noise {unknown}
 o - 3 scrolls of identify {unknown}
 p - a scroll of blinking {unknown}
 s - a scroll of revelation {unknown}
 t - a scroll of poison {unknown}
Potions
 a - a potion of heal wounds {unknown}
 d - a potion of magic
 g - a potion of enlightenment {unknown}
 h - 4 potions of curing {unknown}
 i - a potion of invisibility {unknown}
 j - a potion of lignification {unknown}
 m - a potion of haste {unknown}
 x - a potion of ambrosia {unknown}


   Skills:
 - Level 2.0 Fighting
 + Level 1.9 Armour
 - Level 3.0 Dodging
 - Level 3.0 Stealth
 * Level 8.5 Spellcasting
 + Level 4.2 Conjurations
 - Level 1.1 Summonings
 - Level 1.1 Translocations
 - Level 1.0 Air Magic
 + Level 3.1 Alchemy
 - Level 1.1 Evocations


You had 15 spell levels left.
You knew the following spells:

 Your Spells              Type           Power      Damage    Failure   Level
a - Magic Dart            Conj           100%       1d8       1%          1
b - Mephitic Cloud        Conj/Alch/Air  20%        N/A       7%          3
c - Call Imp              Summ           26%        N/A       8%          2
d - Blink                 Tloc           26%        N/A       8%          2

Your spell library contained the following spells:

 Spells                   Type           Power      Damage    Failure   Level
 Cigotuvi's Dreadful Rot  Necr/Alch/Air  28%        N/A       6%          2
 Slow                     Hex            32%        N/A       8%          1
 Tukima's Dance           Hex            8%         N/A       22%         3
 Passage of Golubria      Tloc           13%        N/A       43%         4
 Yara's Violent Unravell  Hex/Alch       7%         3d5       73%         5


Dungeon Overview and Level Annotations

Branches:
Dungeon (4/15)              Sewer (1/1)
 Temple: D:4-7

Altars:
Ru


Message History

Unknown command.
Casting: Blink (safe; 8% risk of failure)
Confirm with . or Enter, or press ? or * to list all spells.
Aiming: Magic Dart (safe; 1% risk of failure)
Press: ? - help, Shift-Dir - straight line, f - ball python
Aim: a ball python (100% to hit)
The magic dart hits the ball python.
The ball python is moderately wounded.
The ball python bites you but does no damage.
The ball python barely misses you.
A ball python comes into view.
Casting: Magic Dart (safe; 1% risk of failure)
Confirm with . or Enter, or press ? or * to list all spells.
You don't have enough magic to cast this spell.
Unknown command.
Unknown command.
Casting: Magic Dart (safe; 1% risk of failure)
Confirm with . or Enter, or press ? or * to list all spells.
You don't have enough magic to cast this spell.
Unknown command.
Unknown command.
The ball python hisses angrily.
You hit the ball python.
You kill the ball python!
The rat closely misses you.
Unknown command.
You hit the river rat but do no damage.
Your +2 spectral club hits the river rat.
The river rat bites you.
* * * LOW HITPOINT WARNING * * *
Unknown command.
Aiming: Bolt of Light
Press: ? - help, Shift-Dir - straight line, f - river rat
Aim: a river rat (lightly wounded, 68% to hit)
The bolt of light hits the river rat!
The river rat is almost dead.
The river rat is blinded.
Your +2 spectral club disappears.
The rat closely misses you. The river rat bites you.
You die...

≈≈≈~~≈~~≈~~≈≈≈≈≈≈
≈≈≈≈≈~~≈~~~≈~≈≈≈≈
≈≈≈≈~~..~~...~~≈≈
≈≈~~~~~.......~.~
~...~~.........~.
.......Sr........
.......†.........
#.....@.††......
##..††rr.##.....
#...##.†## ...
∩..# ##.†### . ##
##..∩# #####


You could see a river rat (blind, unable to see you), a ball python and 2 rats.

Vanquished Creatures
  Sigmund (D:3)
  A black bear (D:4)
  A howler monkey (D:4)
  An orc priest (D:4)
  Crazy Yiuf (D:3)
  A gnoll bouda (D:4)
  Jessica (D:2)
  Terence (D:2)
  Natasha (twice) (D:2)
  An orc wizard (D:3)
  Robin (D:3)
  7 gnolls
  7 adders
  9 river rats
  A dart slug (D:4)
  4 ribbon worms
  13 orcs
  3 bats
  11 endoplasms
  4 giant cockroaches
  7 hobgoblins
  3 jackals (D:4)
  3 kobolds
  5 quokkas
  7 ball pythons
  5 frilled lizards
  16 goblins
  28 rats
145 creatures vanquished.

Vanquished Creatures (collateral kills)
  Ijyb (D:3)
  A ball python (Sewer)
  A bat (D:2)
  4 goblins (D:3)
  A hobgoblin (D:3)
  2 rats (Sewer)
10 creatures vanquished.

Grand Total: 155 creatures vanquished

Notes
Turn   | Place    | Note
-------+----------+-------------------------------------------
     0 | D:1      | pokeman the Deep Elf Hedge Wizard began the quest for the
                  | Orb.
     0 | D:1      | Reached XP level 1. HP: 10/10 MP: 7/7
   293 | D:1      | Reached XP level 2. HP: 2/15 MP: 1/9
   889 | D:1      | Reached skill level 5 in Spellcasting
  1183 | D:2      | Reached XP level 3. HP: 20/20 MP: 8/11
  1187 | D:2      | Learned a level 3 spell: Mephitic Cloud
  1190 | D:2      | Learned a level 2 spell: Call Imp
  1193 | D:2      | Learned a level 2 spell: Blink
  1240 | D:2      | Noticed Terence
  1259 | D:2      | Killed Terence
  1260 | D:2      | Reached skill level 1 in Fighting
  1260 | D:2      | Reached skill level 1 in Armour
  1551 | D:2      | Found a sacrificial altar of Ru.
  1579 | D:2      | Noticed Natasha
  1585 | D:2      | Killed Natasha
  1586 | D:2      | Reached XP level 4. HP: 16/25 MP: 5/13
  1750 | D:2      | Noticed Jessica
  1753 | D:2      | Killed Jessica
  2221 | D:2      | Noticed Natasha
  2227 | D:2      | Killed Natasha
  2228 | D:2      | Reached skill level 6 in Spellcasting
  2228 | D:2      | Reached XP level 5. HP: 24/29 MP: 2/15
  2625 | D:3      | Reached skill level 1 in Air Magic
  2759 | D:3      | Noticed Robin
  2773 | D:3      | Reached skill level 1 in Alchemy
  2883 | D:3      | Killed Robin
  2884 | D:3      | Reached XP level 6. HP: 32/34 MP: 3/17
  2907 | D:3      | Noticed Ijyb
  3037 | D:3      | Found a runed translucent door.
  3038 | D:3      | Noticed Crazy Yiuf
  3090 | D:3      | Noticed Sigmund
  3111 | D:3      | Killed Sigmund
  3112 | D:3      | Reached skill level 7 in Spellcasting
  3385 | D:3      | Killed Ijyb
  3697 | D:3      | Killed Crazy Yiuf
  3836 | D:4      | Reached XP level 7. HP: 39/39 MP: 17/20
  4006 | D:4      | Reached skill level 8 in Spellcasting
  4006 | D:4      | Reached skill level 1 in Evocations
  4164 | D:4      | Found a glowing drain.
  4171 | Sewer    | Entered a sewer
  4253 | Sewer    | Slain by a river rat

Illustrated notes

Levels and vault maps discovered:
D:1:      mainiacjoe_arrival_oval_in_oval, layout_loops_ring
D:2:      layout_basic, basic_altar, uniq_natasha, uniq_jessica, uniq_terence
D:3:      layout_rooms, kennysheep_nondescript, kennysheep_generic_room_11,
          uniq_ijyb, uniq_robin, uniq_crazy_yiuf_cottage, uniq_sigmund
D:4:      layout_cave_pools, minmay_temple_entry_hall,
          lightli_sewer_entry_pipes, grunt_ministairs_3, uniq_edmund,
          uniq_grinder
Sewer:    sewer_minmay_treatment

Skill      XL: |  1  2  3  4  5  6  7 |
---------------+----------------------+-----
Spellcasting   | 5 6 7 8 |  8.5
Fighting       | 1 2 |  2.0
Armour         | 1 |  1.9
Conjurations   | 2 3 4 |  4.2
Stealth        | 3 |  3.0
Dodging        | 3 |  3.0
Air Magic      | 1 |  1.0
Alchemy        | 1 2 3 |  3.1
Evocations     | 1 |  1.1
Summonings     | |  1.1
Translocations | |  1.1

Action                     |  1- 3 |  4- 6 |  7- 9 || total
---------------------------+-------+-------+-------++-------
  Melee: Dagger            |    17 |    50 |       ||    67
         Club              |       |     8 |   114 ||   122
   Cast: Magic Dart        |    80 |   128 |    35 ||   243
         Mephitic Cloud    |     1 |    11 |    16 ||    28
         Call Imp          |     1 |     4 |     1 ||     6
         Blink             |       |       |     1 ||     1
  Evoke: Wand              |       |       |     1 ||     1
   Stab: Confused          |     2 |     5 |    11 ||    18
 Armour: Robe              |    11 |    28 |    88 ||   127
  Dodge: Dodged            |    13 |    37 |   119 ||   169

Table legend: (Time is in decaauts)
 A = Elapsed time spent in this place.
 B = Non-inter-level travel time spent in this place.
 C = Inter-level travel time spent in this place.
 D = Time resting spent in this place.
 E = Time spent auto-exploring this place.
 F = Levels seen in this place.
 G = Mean time per level.
                   A        B        C        D        E       F      G
               +--------+--------+--------+--------+--------+-----+--------+
         Total |   4328 |   4192 |    136 |    264 |   2835 |   5 |  865.6 |
       Dungeon |   4238 |   4102 |    136 |    264 |   2829 |   4 | 1059.5 |
         Sewer |     90 |     90 |      0 |      0 |      6 |   1 |   90.0 |
               +--------+--------+--------+--------+--------+-----+--------+

Top non-repeatable levels by time:
     D:2: 1431 daAuts
     D:3: 1276 daAuts
     D:1: 1098 daAuts
     D:4: 431 daAuts
   Sewer: 90 daAuts
